[Event "Team 45 45 League T44"]
[Site "Internet Chess Club"]
[Date "2010.03.14"]
[Round "6"]
[White "mmf00"]
[Black "stillday"]
[Result "1/2-1/2"]
[WhiteElo "1616"]
[BlackElo "1280"]
[Opening "Vienna game"]
[ECO "C28"]
[Time "18:00:06"]
[TimeControl "2700+45"]

1. e4 e5 2. Nc3 Nc6 3. Bc4 Nf6 4. d3 Na5 5. f4 Nxc4 6. dxc4 Bb4 7. Qd3 Qe7 8.
Ne2 O-O 9. O-O Ng4 10. Qf3 d6 11. h3 Bc5+ 12. Kh1 Qh4 13. f5 h5 14. Bd2 Nf2+ 15.
Kh2 Ng4+ 16. Kh1 Nf2+ 17. Kh2 Ng4+ 18. Kh1 Nf2+ 19. Kh2 Ng4+ 20. Kh1 Nf2+ 21.
Kh2 {Game drawn by repetition} 1/2-1/2

[Event "Team 45 45 League T44"]
[Site "Internet Chess Club"]
[Date "2010.03.14"]
[Round "6"]
[White "MeansToAnEnd"]
[Black "iwin2"]
[Result "1-0"]
[WhiteElo "1162"]
[BlackElo "1038"]
[Opening "Sicilian: closed"]
[ECO "B23"]
[Time "12:02:59"]
[TimeControl "2700+45"]

1. e4 c5 2. Nc3 g6 3. Bc4 Bg7 4. d3 Nc6 5. Nf3 e6 6. O-O Nge7 7. Bg5 O-O 8. a3
Nd4 9. Nxd4 Bxd4 10. Qf3 f6 11. Bh6 Re8 12. Be3 Bxe3 13. fxe3 b6 14. Qxf6 d5 15.
exd5 exd5 16. Qf7+ Kh8 17. Nxd5 Rf8 18. Qxf8+ Qxf8 19. Rxf8+ Kg7 20. Raf1 Nf5
21. Nc7 Rb8 22. Rf7+ Kh6 23. e4 Ne3 24. R1f2 Nxc4 25. dxc4 Bg4 26. h3 Bh5 27. g4
Bxg4 28. hxg4 Rd8 29. Ne6 Re8 30. Rh2# {Black checkmated} 1-0

[Event "Team 45 45 League T44"]
[Site "Internet Chess Club"]
[Date "2010.03.12"]
[Round "6"]
[White "The-Capitalist"]
[Black "bajerk"]
[Result "1/2-1/2"]
[WhiteElo "1378"]
[BlackElo "1284"]
[Opening "Philidor: exchange variation"]
[ECO "C41"]
[Time "12:00:11"]
[TimeControl "2700+45"]

1. e4 e5 2. Nf3 d6 3. d4 exd4 4. Nxd4 b6 5. Bb5+ Nd7 6. O-O a6 7. Bc6 Rb8 8. Qf3
Qf6 9. Qxf6 Nxf6 10. f3 Be7 11. Re1 O-O 12. Bf4 Nh5 13. Bd2 Ne5 14. Bd5 Nf6 15.
Nc6 Nxc6 16. Bxc6 Bd7 17. Bxd7 Nxd7 18. Nc3 Bf6 19. Rab1 Bd4+ 20. Be3 Bxe3+ 21.
Rxe3 Rfe8 22. Nd5 Rbc8 23. c4 b5 24. cxb5 axb5 25. b4 c6 26. Nc3 Nb6 27. Rbe1
Nc4 28. R3e2 Ra8 29. Ra1 {Game drawn by mutual agreement} 1/2-1/2

[Event "Team 45 45 League T44"]
[Site "Internet Chess Club"]
[Date "2010.03.13"]
[Round "6"]
[White "damnwrite"]
[Black "MateIn42"]
[Result "0-1"]
[WhiteElo "1174"]
[BlackElo "1404"]
[Opening "Sicilian: Canal-Sokolsky (Nimzovich-Rossolimo, Moscow) attack"]
[ECO "B51"]
[Time "15:02:38"]
[TimeControl "2700+45"]

1. e4 c5 2. Nf3 d6 3. Bb5+ Nc6 4. Nc3 a6 5. Bxc6+ bxc6 6. O-O g6 7. d4 Bg4 8.
dxc5 dxc5 9. h3 Qxd1 10. Rxd1 Bxf3 11. gxf3 Bg7 12. Be3 c4 13. Bd4 e5 14. Bc5
Rb8 15. Na4 Rd8 16. Nb6 Nf6 17. Nxc4 Nd7 18. Nd6+ Ke7 19. b4 Nxc5 20. bxc5 Ke6
21. Rab1 Rb8 22. Nb7 f5 23. Rd6+ Ke7 24. Rxc6 Rhd8 25. Rc7+ Rd7 26. Rxd7+ Kxd7
27. Rb6 Kc7 28. Rxa6 Rxb7 29. c6 Rb1+ 30. Kg2 Bf8 31. Ra7+ Kxc6 32. Rxh7 f4 33.
Rf7 Ba3 34. Rf6+ Kd7 35. Rxg6 Rb2 36. h4 Rxc2 37. Kh3 Rxf2 38. Kg4 Be7 39. h5
Ke8 40. Re6 Rg2+ 41. Kh3 Rg3+ 42. Kh2 Rg5 43. h6 Kf7 44. h7 Rh5+ 45. Kg2 Kxe6
{White resigns} 0-1

[Event "Team 45 45 League T44"]
[Site "Internet Chess Club"]
[Date "2010.03.14"]
[Round "6"]
[White "bowwrestler"]
[Black "NewfieKnight"]
[Result "1-0"]
[WhiteElo "1030"]
[BlackElo "1116"]
[Opening "Scotch opening"]
[ECO "C44"]
[Time "17:00:39"]
[TimeControl "2700+45"]

1. e4 e5 2. Nf3 Nc6 3. d4 Nf6 4. d5 Nd4 5. Nxd4 exd4 6. Qxd4 Qe7 7. Nc3 d6 8.
Bb5+ Bd7 9. Bxd7+ Nxd7 10. Bf4 O-O-O 11. Qxa7 g5 12. Be3 Bg7 13. O-O-O Bxc3 14.
bxc3 Ne5 15. Rd4 Nd7 16. Rb4 Nb6 17. Bxb6 cxb6 18. Rxb6 Qc7 19. Kd2 Kd7 20. Rhb1
Ra8 21. Qxb7 Rhc8 22. g3 Kd8 23. f4 Qxc3+ 24. Ke2 Qxc2+ 25. Kf3 Qd3+ 26. Kg4
Qxe4 27. Rxd6+ Ke8 28. Qd7+ Kf8 29. Rf6 Qe8 30. Qd6+ Kg7 31. Rb7 h5+ 32. Kxh5
Qh8+ 33. Kxg5 Rd8 34. Rg6+ Kh7 35. Rxf7+ Qg7 36. Rfxg7+ Kh8 37. Qe5 {Black
resigns} 1-0

[Event "Team 45 45 League T44"]
[Site "Internet Chess Club"]
[Date "2010.03.14"]
[Round "6"]
[White "theartist"]
[Black "KidRattler"]
[Result "0-1"]
[WhiteElo "1184"]
[BlackElo "964"]
[Opening "Queen's Pawn"]
[ECO "B07"]
[Time "12:31:25"]
[TimeControl "2700+45"]

1. d4 d6 2. e4 e5 3. dxe5 dxe5 4. Qxd8+ Kxd8 5. Bc4 f6 6. Nc3 Bd7 7. Nge2 Be7 8.
Be3 Nc6 9. Nd5 a6 10. a3 Be6 11. Rd1 Bd6 12. Nb6 cxb6 13. Bxe6 Ke7 14. Bxg8
Rhxg8 15. Bxb6 Nd8 16. O-O Rc8 17. Nc3 Ne6 18. Nd5+ Kd7 19. Rd2 Rc6 20. Be3 Rgc8
21. Rc1 Rh8 22. c4 Bc5 23. Bxc5 Nxc5 24. Nxf6+ Ke6 25. Nd5 Nb3 26. Rdc2 Nxc1 27.
Rxc1 Rhc8 28. Ne3 b5 29. b3 bxc4 30. bxc4 Rd6 31. g3 Rd4 32. f3 Rd3 33. Kf2 Rxa3
34. Rb1 Rc3 35. Rb6+ Kf7 36. Rxa6 Rd8 37. Nd5 Rxc4 38. Ra7+ Kf8 39. Ke3 Rb8 40.
Kd3 Rcc8 41. Ne7 Rd8+ 42. Kc4 Re8 43. Nd5 Rec8+ 44. Kd3 Rb3+ 45. Ke2 Rc2+ 46.
Kd1 Rxh2 47. Ra8+ Kf7 48. Ra7+ Kg6 49. Ne7+ Kh6 50. Nf5+ Kg6 51. Rxg7+ Kf6 52.
Kc1 Rc3+ 53. Kb1 Rxf3 54. Rc7 Rf1+ 55. Rc1 Rff2 56. Rc6+ Kg5 57. Rc1 Rb2+ 58.
Ka1 Ra2+ 59. Kb1 Rhb2# {White checkmated} 0-1

[Event "Team 45 45 League T44"]
[Site "Internet Chess Club"]
[Date "2010.03.13"]
[Round "6"]
[White "lawth3"]
[Black "SeniorCitizen"]
[Result "1/2-1/2"]
[WhiteElo "1209"]
[BlackElo "1268"]
[Opening "QGD: classical variation (5.Bf4)"]
[ECO "D37"]
[Time "13:00:24"]
[TimeControl "2700+45"]

1. d4 d5 2. c4 e6 3. Nf3 Nf6 4. Nc3 Be7 5. Bf4 c6 6. e3 O-O 7. c5 Ne4 8. Bd3
Nxc3 9. bxc3 Nd7 10. O-O Nf6 11. Qc2 g6 12. Rae1 b6 13. Ne5 Bd7 14. Nxd7 Qxd7
15. cxb6 axb6 16. f3 Nh5 17. Be5 Bf6 18. Bxf6 Nxf6 19. e4 Qa7 20. Rb1 b5 21.
exd5 exd5 22. Ra1 Qc7 23. a4 bxa4 24. Rxa4 Rxa4 25. Qxa4 Qf4 26. Rf2 Qc1+ 27.
Bf1 Qxc3 28. Rc2 Qe3+ 29. Kh1 Kg7 30. Rxc6 Qe1 31. Qa6 Qe7 32. Rc8 Rxc8 33. Qxc8
Qe1 34. Qa6 Qd1 35. Qd3 Qxd3 36. Bxd3 Nd7 37. Bb5 Nb6 38. Bc6 Kf6 39. Kg1 Ke7
40. Kf2 f6 41. Ke3 Kd6 42. Bb5 Nc4+ 43. Kf4 Nd2 44. h4 Nc4 45. g4 Ke7 46. g5 Kf7
47. Ba6 Kg7 48. Bc8 Kf7 49. gxf6 Kxf6 50. Bg4 h6 51. Bd7 Ke7 52. Bb5 Ke6 53.
Bxc4 dxc4 54. Ke3 Kd5 55. f4 c3 56. Kd3 c2 57. Kxc2 Kxd4 58. h5 gxh5 59. f5 Ke5
60. Kd2 Kxf5 61. Ke2 h4 62. Kf2 h3 63. Kg3 Kg5 64. Kxh3 h5 65. Kh2 h4 66. Kh3
Kh5 67. Kh2 Kg4 68. Kg2 h3+ 69. Kh2 Kh4 70. Kh1 Kg3 71. Kg1 {Game drawn by
mutual agreement} 1/2-1/2

[Event "Team 45 45 League T44"]
[Site "Internet Chess Club"]
[Date "2010.03.15"]
[Round "6"]
[White "KingOfHearts"]
[Black "jjaillet2007"]
[Result "1-0"]
[WhiteElo "1332"]
[BlackElo "1254"]
[Opening "French: advance, Nimzovich system"]
[ECO "C02"]
[Time "21:00:15"]
[TimeControl "2700+45"]

1. e4 e6 2. d4 d5 3. e5 c5 4. Nf3 Nc6 5. Bb5 Qb6 6. a4 a6 7. Bxc6+ bxc6 8. a5
Qc7 9. O-O f6 10. Re1 fxe5 11. Nxe5 Nf6 12. Bg5 Bd6 13. Bxf6 gxf6 14. Qh5+ Kd8
15. Nf7+ Ke7 16. Nxh8 Kd7 17. Qxh7+ Be7 18. Ng6 Qd8 19. dxc5 Bb7 20. Nd2 Qe8 21.
b4 Rd8 22. Rad1 Kc8 23. Nxe7+ Kb8 24. Rxe6 Qh8 25. Qxh8 Rxh8 26. Nxc6+ Bxc6 27.
Rxc6 Kb7 28. Rxf6 Rc8 29. Nf3 Rc6 30. Rxc6 Kxc6 31. Nd4+ Kc7 32. Re1 Kd7 33. h4
{Black resigns} 1-0

[Event "Team 45 45 League T44"]
[Site "Internet Chess Club"]
[Date "2010.03.15"]
[Round "6"]
[White "PsyMar"]
[Black "chips"]
[Result "1-0"]
[WhiteElo "1189"]
[BlackElo "1180"]
[Opening "Scandinavian (center counter) defense"]
[ECO "B01"]
[Time "15:01:12"]
[TimeControl "2700+45"]

1. e4 d5 2. exd5 Qxd5 3. Nc3 Qd8 4. Nf3 e6 5. d4 Nf6 6. Bc4 g6 7. O-O Bg7 8. Re1
O-O 9. Bg5 Nbd7 10. Qd2 c5 11. Re4 cxd4 12. Rxd4 Qc7 13. Rh4 b6 14. Bh6 a5 15.
Bxg7 Kxg7 16. Qh6+ Kg8 17. Ng5 Bb7 18. Nxh7 Qc6 19. Nxf6+ Nxf6 20. Qh8# {Black
checkmated} 1-0

[Event "Team 45 45 League T44"]
[Site "Internet Chess Club"]
[Date "2010.03.15"]
[Round "6"]
[White "Graybeard"]
[Black "Mclintock45"]
[Result "0-1"]
[WhiteElo "1139"]
[BlackElo "1064"]
[Opening "Scotch gambit"]
[ECO "C44"]
[Time "10:01:37"]
[TimeControl "2700+45"]

1. e4 e5 2. Nf3 Nc6 3. d4 exd4 4. Bc4 Qf6 5. Bg5 Qg6 6. O-O h6 7. Bf4 d6 8. Nbd2
Bg4 9. Qe1 O-O-O 10. a3 Re8 11. Bd5 Bd7 12. c3 f5 13. Nxd4 Nxd4 14. cxd4 Nf6 15.
Qb1 fxe4 16. Bxb7+ Kxb7 17. Re1 Bf5 18. Be3 d5 19. Qc2 Kc8 20. Qa4 Ng4 21. Qxa7
Qh5 22. h3 Bd6 23. Qa8+ Kd7 24. Qxd5 Nf6 25. Qc4 Bxh3 26. Qa2 Be6 27. Qb1 Qh2+
28. Kf1 Qh1+ 29. Ke2 Bg4+ 30. f3 Qxg2+ 31. Bf2 Bxf3+ 32. Ke3 Qg5# {White
checkmated} 0-1

[Event "Team 45 45 League T44"]
[Site "Internet Chess Club"]
[Date "2010.03.10"]
[Round "6"]
[White "fishhead"]
[Black "noblitz-oblige"]
[Result "1-0"]
[WhiteElo "1883"]
[BlackElo "1624"]
[Opening "Ruy Lopez: classical (Cordel) defense"]
[ECO "C64"]
[Time "20:07:52"]
[TimeControl "2700+45"]

1. e4 e5 2. Nf3 Nc6 3. Bb5 Bc5 4. O-O Nge7 5. Nxe5 Bxf2+ 6. Rxf2 Nxe5 7. d4 c6
8. Be2 N5g6 9. Nd2 O-O 10. Nf3 d5 11. e5 f6 12. exf6 Rxf6 13. Bg5 Rf8 14. Qd2
Qd6 15. Raf1 Bd7 16. Qc3 Nf4 17. Bxf4 Rxf4 18. Ne5 Rxf2 19. Rxf2 Bf5 20. Qf3
Bxc2 21. Qf7+ Kh8 22. Qf8+ {Black resigns} 1-0

[Event "Team 45 45 League T44"]
[Site "Internet Chess Club"]
[Date "2010.03.14"]
[Round "6"]
[White "RD1974"]
[Black "isolani"]
[Result "0-1"]
[WhiteElo "1704"]
[BlackElo "1528"]
[Opening "Pirc: Ufimtsev-Pytel variation"]
[ECO "B07"]
[Time "18:00:05"]
[TimeControl "2700+45"]

1. e4 d6 2. d4 Nf6 3. Nc3 c6 4. f4 Qa5 5. Qd2 e5 6. dxe5 dxe5 7. Bc4 Nbd7 8. h3
Bb4 9. Nge2 Nxe4 10. Qe3 Ndf6 11. O-O Bc5 12. fxe5 Bxe3+ 13. Bxe3 Qxe5 14. Bd4
Qc7 15. Nxe4 Nxe4 16. Rae1 O-O 17. Nf4 Nd2 18. Be5 Qb6+ 19. Rf2 Nxc4 20. Bc3 Be6
21. Nh5 f6 22. Rxe6 Rae8 23. Rxe8 Rxe8 24. Kf1 Ne3+ 25. Kg1 Nd1 26. Nxf6+ gxf6
27. Bxf6 Qxf2+ {White resigns} 0-1

[Event "Team 45 45 League T44"]
[Site "Internet Chess Club"]
[Date "2010.03.15"]
[Round "6"]
[White "joshtournman"]
[Black "Dr-Checkmate"]
[Result "1/2-1/2"]
[WhiteElo "1505"]
[BlackElo "1536"]
[Opening "Dutch with c4 & Nc3"]
[ECO "A85"]
[Time "13:03:20"]
[TimeControl "2700+45"]

1. d4 f5 2. c4 Nf6 3. Nc3 e6 4. e4 fxe4 5. Bg5 Bb4 6. Qe2 d5 7. cxd5 Qxd5 8.
Bxf6 gxf6 9. Qb5+ Qxb5 10. Bxb5+ c6 11. Bc4 f5 12. Ne2 b5 13. Bb3 a5 14. a3
Bxc3+ 15. bxc3 Na6 16. Nf4 Ke7 17. O-O-O c5 18. c4 b4 19. axb4 axb4 20. d5 e5
21. d6+ Kd7 22. Nd5 Rb8 23. Ba4+ Kd8 24. d7 Bb7 25. Rhe1 Nc7 26. Nxc7 Kxc7 27.
f3 Bc6 28. Bxc6 Kxc6 29. fxe4 f4 30. Rd5 Rhd8 31. Rxe5 Rxd7 32. Rd1 Rxd1+ 33.
Kxd1 b3 34. Kc1 Rb4 35. Kb2 Kd6 36. Rf5 Rxc4 37. Rxf4 Ke5 38. Rh4 Rxe4 39. Rxe4+
Kxe4 40. Kxb3 Kd4 41. Kc2 c4 42. g4 c3 43. h4 Ke4 44. h5 Kf4 45. Kxc3 Kxg4 46.
Kd2 Kxh5 47. Ke1 Kg4 48. Kf2 Kh3 49. Kf3 Kh2 50. Kf2 {Game drawn by mutual
agreement} 1/2-1/2

[Event "Team 45 45 League T44"]
[Site "Internet Chess Club"]
[Date "2010.03.13"]
[Round "6"]
[White "Bible-Believer"]
[Black "arconia"]
[Result "0-1"]
[WhiteElo "1514"]
[BlackElo "1369"]
[Opening "Queen's pawn: London system"]
[ECO "A45"]
[Time "20:00:14"]
[TimeControl "2700+45"]

1. d4 Nf6 2. Bf4 d6 3. e3 e6 4. h3 Be7 5. Nf3 O-O 6. Be2 Ne4 7. O-O c5 8. Nbd2
f5 9. c4 b6 10. Qc2 Bb7 11. a4 Qe8 12. a5 Nd7 13. Bd3 Qg6 14. b4 Nxd2 15. Qxd2
Bxf3 {White resigns} 0-1

[Event "Team 45 45 League T44"]
[Site "Internet Chess Club"]
[Date "2010.03.12"]
[Round "6"]
[White "rayonline53"]
[Black "AVEMARIA"]
[Result "0-1"]
[WhiteElo "1567"]
[BlackElo "1747"]
[Opening "QGD Slav: Dutch variation"]
[ECO "D18"]
[Time "17:30:54"]
[TimeControl "2700+45"]

1. d4 d5 2. c4 c6 3. Nc3 dxc4 4. a4 Nf6 5. Nf3 Bf5 6. e3 e6 7. Bxc4 Be7 8. O-O
Nbd7 9. h3 O-O 10. Nh4 Bg6 11. Nxg6 hxg6 12. Qc2 Nb6 13. Ba2 Nbd5 14. Nxd5 cxd5
15. Bd2 Ne4 16. Qd3 Qb6 17. b3 Rac8 18. Rac1 a5 19. Rxc8 Rxc8 20. Rc1 Rxc1+ 21.
Bxc1 Qb4 22. Kf1 Qc3 23. Qd1 Qa1 24. Qc2 Nc3 25. Qb2 Qxb2 {White resigns} 0-1

[Event "Team 45 45 League T44"]
[Site "Internet Chess Club"]
[Date "2010.03.15"]
[Round "6"]
[White "ElMarginal"]
[Black "nursey"]
[Result "1-0"]
[WhiteElo "1588"]
[BlackElo "1568"]
[Opening "Queen's pawn game, Darooha variation "]
[ECO "D02"]
[Time "18:03:40"]
[TimeControl "2700+45"]

1. d4 d5 2. Nf3 Nf6 3. Nc3 e6 4. a3 Bd6 5. Nb5 O-O 6. Nxd6 Qxd6 7. Bd2 Nc6 8. g3
Ne7 9. Bg2 Qb6 10. Bb4 Re8 11. O-O a5 12. Bc3 Ne4 13. Qd3 Nxc3 14. bxc3 Bd7 15.
Rfb1 Qc6 16. Ne5 Qd6 17. Rxb7 Bc8 18. Rb3 Ba6 19. Qf3 f6 20. Nd3 Nc6 21. Nc5 Bc4
22. Rbb1 e5 23. e3 Rab8 24. Bh3 e4 25. Qg4 Qe7 26. Qd7 Qxd7 27. Bxd7 Rxb1+ 28.
Rxb1 Rb8 29. Rxb8+ Nxb8 30. Ba4 c6 31. Nb7 Kf7 32. Nxa5 Bb5 33. Bb3 Ke6 34. c4
dxc4 35. Nxc4 Nd7 36. Nb6+ Kd6 37. Nxd7 Kxd7 38. c4 Ba6 39. Kg2 f5 40. f3 exf3+
41. Kxf3 g5 42. h4 gxh4 43. gxh4 Kd6 44. Kf4 Ke6 45. Kg5 {Black resigns} 1-0

[Event "Team 45 45 League T44"]
[Site "Internet Chess Club"]
[Date "2010.03.15"]
[Round "6"]
[White "AngryPirate"]
[Black "radiohead"]
[Result "1/2-1/2"]
[WhiteElo "1481"]
[BlackElo "1415"]
[Opening "Sicilian: Grand Prix attack, Schofman variation"]
[ECO "B23"]
[Time "21:01:15"]
[TimeControl "2700+45"]

1. e4 c5 2. Nc3 Nc6 3. f4 g6 4. Bc4 e6 5. Nf3 Bg7 6. f5 Nge7 7. O-O d5 8. exd5
exd5 9. Bb5 Bxf5 10. Bxc6+ Nxc6 11. Nh4 Be6 12. Nf3 O-O 13. Qe1 Nd4 14. Nxd4
Bxd4+ 15. Kh1 a6 16. Ne2 Be5 17. Ng3 Qc7 18. d3 Rae8 19. Bh6 Bg7 20. Bxg7 Kxg7
21. Qf2 b6 22. Nh5+ gxh5 23. Qf6+ Kg8 24. Rf3 Bg4 25. Qg5+ Kh8 26. Qf6+ Kg8 27.
Qg5+ Kh8 28. Qf6+ {Game drawn by mutual agreement} 1/2-1/2

[Event "Team 45 45 League T44"]
[Site "Internet Chess Club"]
[Date "2010.03.14"]
[Round "6"]
[White "Moxley"]
[Black "dabodhi"]
[Result "1-0"]
[WhiteElo "1249"]
[BlackElo "1263"]
[Opening "Sicilian: Hungarian variation"]
[ECO "B34"]
[Time "15:00:16"]
[TimeControl "2700+45"]

1. e4 c5 2. Nf3 g6 3. d4 cxd4 4. Nxd4 Nc6 5. c3 e5 6. Nxc6 bxc6 7. Nd2 Nf6 8. b3
d5 9. Bd3 Be7 10. O-O Nh5 11. Bb2 Nf4 12. Qc2 Bc5 13. Nf3 Qf6 14. b4 Bd6 15.
exd5 Bg4 16. Be4 cxd5 17. c4 dxe4 18. Qxe4 O-O 19. Bxe5 Bxe5 20. Nxe5 Bf5 21.
Qxf4 Qd6 22. c5 Qd5 23. Rfd1 Qb7 24. c6 Qb5 25. Nd7 Rfc8 26. Qh6 Qxc6 27. Rac1
Qe6 28. Rxc8+ Rxc8 29. Qd2 Qe7 30. Nc5 Kg7 31. h3 Rc6 32. Re1 Be6 33. Qd4+ Kg8
34. a3 Rd6 35. Qe4 Qf6 36. Qa8+ Kg7 37. Qxa7 Rd2 38. Nxe6+ Kh6 39. Qe3+ g5 40.
Qxd2 {Black resigns} 1-0

[Event "Team 45 45 League T44"]
[Site "Internet Chess Club"]
[Date "2010.03.13"]
[Round "6"]
[White "Tamarin"]
[Black "Newcastler"]
[Result "1-0"]
[WhiteElo "1599"]
[BlackElo "1348"]
[Opening "QGD: Orthodox defense, Botvinnik variation"]
[ECO "D60"]
[Time "22:01:22"]
[TimeControl "2700+45"]

1. d4 d5 2. c4 e6 3. Nc3 Nf6 4. Bg5 Be7 5. e3 O-O 6. Nf3 Nbd7 7. Bd3 dxc4 8.
Bxc4 Nb6 9. Bd3 Nbd7 10. O-O b6 11. Rc1 Bb7 12. Bc2 Ba6 13. Re1 Rc8 14. Bb3 c5
15. e4 cxd4 16. Qxd4 Nc5 17. Qxd8 Rcxd8 18. Bc2 h6 19. Bh4 Rfe8 20. Rcd1 Nd3 21.
Bxd3 Bxd3 22. Ne5 Bc2 23. Rxd8 Rxd8 24. Nc6 Rd7 25. Nxe7+ Rxe7 26. e5 Rd7 27.
exf6 g5 28. Bg3 Bf5 29. Rd1 Rb7 30. Rd6 Kh7 31. Rc6 Rd7 32. Rc7 Rd2 33. Rxf7+
Kg6 34. Rxa7 Kxf6 35. f3 Rxb2 36. Ne4+ Kg6 37. Be5 Rxa2 {Black resigns} 1-0

[Event "Team 45 45 League T44"]
[Site "Internet Chess Club"]
[Date "2010.03.13"]
[Round "6"]
[White "ffplayer"]
[Black "rgadoury"]
[Result "0-1"]
[WhiteElo "1015"]
[BlackElo "1261"]
[Opening "Benkö gambit"]
[ECO "A57"]
[Time "10:00:26"]
[TimeControl "2700+45"]

1. d4 Nf6 2. c4 c5 3. d5 b5 4. b3 d6 5. Nf3 g6 6. Bg5 Bg7 7. e3 O-O 8. Be2 Ne4
9. Bh4 Bxa1 10. Nbd2 Nxd2 11. Qxd2 b4 12. O-O Bg7 13. e4 Nd7 14. Bg5 a5 15. Bh6
Bc3 16. Qe3 Re8 17. h4 Nf6 18. Nh2 a4 19. g4 Bd4 20. Qf3 Be5 21. h5 Bxh2+ 22.
Kxh2 Nxg4+ {White resigns} 0-1

[Event "Team 45 45 League T44"]
[Site "Internet Chess Club"]
[Date "2010.03.13"]
[Round "6"]
[White "aapt"]
[Black "Toalla"]
[Result "0-1"]
[WhiteElo "1382"]
[BlackElo "1235"]
[Opening "Sicilian defense"]
[ECO "B32"]
[Time "11:00:28"]
[TimeControl "2700+45"]

1. e4 c5 2. Nf3 Nc6 3. d4 cxd4 4. Nxd4 Nxd4 5. Qxd4 e6 6. Be2 d6 7. Bb5+ Bd7 8.
Bxd7+ Qxd7 9. O-O e5 10. Qd1 Ne7 11. Nc3 g6 12. Bg5 h6 13. Bf6 Rg8 14. Qf3 Bg7
15. Rad1 Bxf6 16. Qxf6 Rd8 17. Nd5 b5 18. Qf3 Nxd5 19. Rxd5 a6 20. Rfd1 Qe6 21.
Qc3 Ke7 22. Qc6 Qc8 23. Qb6 Rd7 24. Rxd6 Rgd8 25. R6d5 Rxd5 26. exd5 Rd6 27.
Qb7+ Qxb7 {White resigns} 0-1

[Event "Team 45 45 League T44"]
[Site "Internet Chess Club"]
[Date "2010.03.13"]
[Round "6"]
[White "CoasterBrake"]
[Black "carambola"]
[Result "0-1"]
[WhiteElo "1257"]
[BlackElo "1337"]
[Opening "English: Caro-Kann defensive system"]
[ECO "A11"]
[Time "09:00:47"]
[TimeControl "2700+45"]

1. c4 c6 2. Nc3 g6 3. Nf3 Bg7 4. g3 Nf6 5. Bg2 a6 6. d4 d5 7. cxd5 cxd5 8. Nxd5
Qa5+ 9. Nc3 Nc6 10. O-O O-O 11. e3 Qc7 12. e4 b6 13. e5 Ne8 14. Bf4 Bg4 15. h3
Bf5 16. Nd5 Qb7 17. Qb3 Be6 18. Qxb6 Qd7 19. Nf6+ exf6 20. exf6 Nxf6 21. Ne5
Nxe5 22. Bxa8 Rxa8 23. Bxe5 Ne4 24. Bxg7 Kxg7 25. h4 Bd5 26. Qa5 Nf6 27. b3 Qh3
{White resigns} 0-1

[Event "Team 45 45 League T44"]
[Site "Internet Chess Club"]
[Date "2010.03.15"]
[Round "6"]
[White "GiulioCre"]
[Black "otib2006"]
[Result "1-0"]
[WhiteElo "1273"]
[BlackElo "1245"]
[Opening "King's Indian: East Indian defense"]
[ECO "A48"]
[Time "15:00:17"]
[TimeControl "2700+45"]

1. d4 Nf6 2. Nf3 g6 3. e3 Bg7 4. Bd3 O-O 5. Nbd2 d6 6. O-O Bg4 7. h3 Be6 8. c3
Nbd7 9. e4 Nb6 10. Re1 c5 11. Nb3 cxd4 12. Nbxd4 Bc4 13. Bxc4 Nxc4 14. Qe2 Nb6
15. e5 Nfd5 16. e6 f5 17. Ng5 Bxd4 18. Nf7 Rxf7 19. exf7+ Kxf7 20. Qe6+ Kf8 21.
cxd4 Qd7 22. Bh6+ Ke8 23. Qg8# {Black checkmated} 1-0

[Event "Team 45 45 League T44"]
[Site "Internet Chess Club"]
[Date "2010.03.13"]
[Round "6"]
[White "RayF"]
[Black "dxf"]
[Result "1-0"]
[WhiteElo "1422"]
[BlackElo "1258"]
[Opening "Nimzo-Indian: classical variation"]
[ECO "E32"]
[Time "09:13:55"]
[TimeControl "2700+45"]

1. d4 e6 2. c4 Nf6 3. Nc3 Bb4 4. Qc2 b6 5. e4 Bxc3+ 6. bxc3 Nxe4 7. Qxe4 Nc6 8.
Nf3 Bb7 9. Qc2 Qe7 10. Be2 O-O-O 11. O-O d6 12. Ba3 Rdg8 13. Bd3 f5 14. Rfe1 g5
15. Bxf5 {Black resigns} 1-0

[Event "Team 45 45 League T44"]
[Site "Internet Chess Club"]
[Date "2010.03.13"]
[Round "6"]
[White "Leslee52"]
[Black "dornoch"]
[Result "0-1"]
[WhiteElo "1084"]
[BlackElo "1021"]
[Opening "Caro-Kann defense"]
[ECO "B15"]
[Time "13:30:32"]
[TimeControl "2700+45"]

1. e4 c6 2. d4 d5 3. Nc3 e6 4. Nf3 Bb4 5. e5 Bxc3+ 6. bxc3 Qa5 7. Bd2 Ne7 8. Bd3
Nd7 9. O-O f6 10. Re1 c5 11. c4 Qa3 12. c3 dxc4 13. Bxc4 Nd5 14. Bb3 b5 15. Qe2
c4 16. Bc2 Nxc3 17. Bxc3 Qxc3 18. Be4 Rb8 19. Qc2 Qxc2 20. Bxc2 O-O 21. exf6
Nxf6 22. Ne5 Rb6 23. a4 a6 24. a5 Rd6 25. Rad1 Nd7 26. Nxd7 Bxd7 27. Be4 Bc6 28.
Bxc6 Rxc6 29. d5 exd5 30. Rxd5 c3 31. Rdd1 c2 32. Rc1 Rd8 33. Kf1 b4 34. g4 b3
35. Rb1 b2 {White resigns} 0-1

[Event "Team 45 45 League T44"]
[Site "Internet Chess Club"]
[Date "2010.03.13"]
[Round "6"]
[White "Quaq"]
[Black "zepled37"]
[Result "1-0"]
[WhiteElo "1594"]
[BlackElo "1711"]
[Opening "English opening"]
[ECO "A13"]
[Time "18:04:19"]
[TimeControl "2700+45"]

1. c4 e6 2. g3 Nf6 3. Bg2 d5 4. cxd5 exd5 5. Nf3 c6 6. Nc3 d4 7. Nb1 Bf5 8. Qb3
b6 9. d3 Be6 10. Qa4 Bc5 11. Bf4 b5 12. Qc2 Bb4+ 13. Nbd2 Bd5 14. O-O Nbd7 15.
Nxd4 Bxg2 16. Kxg2 Rc8 17. N2f3 Qb6 18. Nf5 O-O 19. a3 g6 20. Nh6+ Kg7 21. axb4
Nd5 22. Bd2 N7f6 23. e4 Nc7 24. Be3 Qb7 25. Qc3 a6 26. Ng4 Ne8 27. Bh6+ Kg8
{Black resigns} 1-0

[Event "Team 45 45 League T44"]
[Site "Internet Chess Club"]
[Date "2010.03.14"]
[Round "6"]
[White "MaxII"]
[Black "LazyPeon"]
[Result "1-0"]
[WhiteElo "1709"]
[BlackElo "1669"]
[Opening "Sicilian: Scheveningen, 6.f4"]
[ECO "B82"]
[Time "08:00:35"]
[TimeControl "2700+45"]

1. e4 c5 2. Nf3 d6 3. d4 cxd4 4. Nxd4 Nf6 5. Nc3 e6 6. f4 Be7 7. g4 e5 8. Nf5
Bxf5 9. exf5 h5 10. g5 Nfd7 11. Be2 Qb6 12. Nd5 Qa5+ 13. c3 Nc6 14. b4 Qd8 15.
Bxh5 exf4 16. Bxf4 Bxg5 17. Bxd6 Bh4+ 18. Kf1 Qg5 19. Bf3 O-O-O 20. b5 Rhe8 21.
Qa4 Qd2 22. Qxh4 Nde5 23. bxc6 bxc6 24. Bxe5 Rxe5 25. Ne7+ Kc7 26. Nxc6 Rxf5 27.
Qg3+ Rd6 28. Nd4 Qd3+ 29. Kg2 Qd2+ 30. Kf1 Qd3+ 31. Kg1 Qe3+ 32. Qf2 Rg6+ 33.
Kf1 Qd3+ 34. Qe2 Qxc3 35. Qe7+ Kb6 36. Rb1+ Ka6 37. Qb7+ {Black resigns} 1-0

[Event "Team 45 45 League T44"]
[Site "Internet Chess Club"]
[Date "2010.03.13"]
[Round "6"]
[White "xt"]
[Black "BrerRabbit"]
[Result "1-0"]
[WhiteElo "1588"]
[BlackElo "1456"]
[Opening "Pirc: classical (two knights) system"]
[ECO "B08"]
[Time "19:01:02"]
[TimeControl "2700+45"]

1. e4 d6 2. d4 Nf6 3. Nc3 g6 4. Nf3 Bg7 5. Bc4 Nc6 6. h3 O-O 7. O-O Nxe4 8.
Bxf7+ Rxf7 9. Nxe4 Bf5 10. Ng3 Bd7 11. Be3 h6 12. Qd2 Kh7 13. Rfe1 e5 14. dxe5
Rxf3 15. gxf3 Nxe5 16. Kg2 Bxh3+ 17. Kxh3 Nxf3 18. Qb4 Bxb2 19. Qxb2 Qh4+ 20.
Kg2 Rf8 21. Rh1 Qc4 22. Rxh6+ Kg8 23. Qh8+ Kf7 24. Rh7+ Ke8 25. Qg7 Qe6 26. Rah1
Ne5 27. Rh8 Qd5+ 28. Kg1 Nf3+ 29. Kf1 Ne5 30. Rxf8# {Black checkmated} 1-0